AoeStats
← Boshetunmay

Arabia

510155099Analyzed
2v2 RM · 1d ago on Sep 29, 2026· 41m 36s· 4 players
Game mode
Random Map
Map size
Medium (4 player)
Population
200
Speed
Normal
Resources
Standard
Victory
Conquest
Starting age
Dark Age
Ending age
Imperial Age
RankedLock teamsTeams togetherTeam positionsShared explorationLock speedFull tech treeHidden civsTurbo modeCheats
Victory
Defeat
🇩🇪 Teutons · Germany
720
+15
🇩🇪 Burgundians · Germany
718
+15
🇺🇦 Maya · Ukraine
716
-16
🇺🇦 Poles · Ukraine
663
-14
BigDog
7:13 Loom
11:46 Feudal Age
12:12 Double-Bit Axe
13:12 Horse Collar
20:40 Castle Age
21:29 Squires
20:52 Eagle Warrior
25:11 Bow Saw
30:06 Imperial Age
28:28 Gold Mining
31:17 Conscription
31:25 Capped Ram
31:49 Crossbowman
32:33 Fletching
35:33 Two-Man Saw
36:10 Heavy Plow
35:48 Arbalester
36:45 Bodkin Arrow
37:56 Chemistry
36:52 Murder Holes
38:50 Thumb Ring
Boshetunmay
10:27 Feudal Age
11:10 Double-Bit Axe
16:03 Wheelbarrow
17:43 Bloodlines
19:02 Horse Collar
19:19 Gold Mining
25:14 Castle Age
24:34 Scale Barding Armor
28:41 Hand Cart
29:05 Loom
29:05 Town Watch
29:36 Bow Saw
29:30 Heavy Plow
30:36 Husbandry
29:57 Light Cavalry
33:06 Thumb Ring
32:22 Crossbowman
32:27 Elite Skirmisher
33:25 Town Patrol
36:23 Padded Archer Armor
36:24 Scale Mail Armor
36:18 Fletching
36:51 Chain Barding Armor
36:42 Forging
39:12 Stone Mining
Sheev95
10:40 Loom
12:26 Feudal Age
17:43 Castle Age
16:02 Double-Bit Axe
19:06 Bow Saw
19:34 Wheelbarrow
19:03 Fletching
21:12 Horse Collar
21:24 Town Watch
24:56 Heavy Plow
28:00 Bodkin Arrow
28:43 Gold Mining
29:16 Hand Cart
29:55 Town Patrol
33:14 Imperial Age
32:07 Coinage
31:38 Caravan
33:27 Scale Mail Armor
33:38 Forging
33:30 Stone Mining
35:16 Two-Man Saw
35:10 Conscription
35:15 Squires
37:25 Chain Mail Armor
37:46 Iron Casting
39:35 Bloodlines
39:11 Elite Skirmisher
39:56 Padded Archer Armor
40:33 Plate Mail Armor
40:22 Elite Teutonic Knight
AgeofEmperor669
12:06 Feudal Age
10:28 Double-Bit Axe
10:25 Horse Collar
10:54 Loom
16:51 Castle Age
18:04 Heavy Plow
21:38 Fervor
23:30 Scale Barding Armor
23:36 Forging
23:50 Cavalier
24:33 Husbandry
28:19 Iron Casting
31:28 Chain Barding Armor
31:00 Fletching
31:34 Gold Mining
31:36 Stone Mining
33:35 Gold Shaft Mining
33:37 Stone Shaft Mining
35:17 Wheelbarrow
34:40 Bodkin Arrow
38:39 Imperial Age
36:25 Bow Saw
35:49 Crossbowman
37:37 Padded Archer Armor
38:28 Elite Skirmisher
42:07 Blast Furnace
41:43 Plate Barding Armor
41:08 Bracer
41:48 Plate Barding Armor
Connection lost

Rejoining the realm…

Still unreachable

The connection could not be restored.

Session expired

The server has moved on; the page needs a fresh start.